Workbook

Sheet Master Budget
A1: Step 1 | B1: Sale Budget
D2: Expected sales volume: 3,000 units in the first quarter with 500-unit increases in each succeeding quarter.
B3: Sales price: $60 per unit
C4: Q1 | D4: Q2 | E4: Q3 | F4: Q4
B5: Unit | C5: 3000 | D5: =C5+500 -> 3500 | E5: =D5+500 -> 4000 | F5: =E5+500 -> 4500
B6: Selling Price | C6: 60 | D6: =C6 -> 60 | E6: =D6 -> 60 | F6: =E6 -> 60
B7: Total Revenue | C7: =C5*C6 -> 180000 | D7: =D5*D6 -> 210000 | E7: =E5*E6 -> 240000 | F7: =F5*F6 -> 270000
A9: Step 2. | B9: Production Budget | D9: To meet future sales needs with an ending inventory of 20% of next quarter’s budgeted sales volume.
B10: Budgeted Sale Units
A11: + | B11: Desired Ending Inventory | D11: 20% Next period
A12: - | B12: Beginning Inventory
A13: = | B13: Required Production Units
B14: 2016 | C14: Forecasted 2017 | G14: 2018
B15: Q4 | C15: Q1 | D15: Q2 | E15: Q3 | F15: Q4 | G15: Q1
B16: Budgeted Sale | C16: =C5 -> 3000 | D16: =D5 -> 3500 | E16: =E5 -> 4000 | F16: =F5 -> 4500 | G16: 5000 | H16: Given
B17: =B11 -> Desired Ending Inventory | C17: =D16*20% -> 700 | D17: =E16*20% -> 800 | E17: =F16*20% -> 900 | F17: =G16*20% -> 1000 | G17: 0.2 | H17: of the next Q Sales
B18: Total Required Units | C18: =C16+C17 -> 3700 | D18: =D16+D17 -> 4300 | E18: =E16+E17 -> 4900 | F18: =F16+F17 -> 5500
B19: Beginning Inventory | C19: =C16*0.2 -> 600 | D19: =D16*0.2 -> 700 | E19: =E16*0.2 -> 800 | F19: =F16*0.2 -> 900
B20: Required production Unit | C20: =C18-C19 -> 3100 | D20: =D18-D19 -> 3600 | E20: =E18-E19 -> 4100 | F20: =F18-F19 -> 4600
A22: Step 3 | B22: Direct Material Budget | D22: Maintains an ending inventory of raw materials equal to 10% of the next quarter’s production requirements.
B23: Direct Material Production | D23: Each Rightride requires 2 pounds and each pound costs at $4
A24: + | B24: Desired Ending DM | D24: 1,020 pounds for the fourth quarter of 2017
A25: - | B25: Beginning DM Inventory
A26: = | B26: Required DM purchase
B27: 2016 | C27: Curret budget 2017 | G27: 2018
B28: Direct Materials Budget | C28: Q1 | D28: Q2 | E28: Q3 | F28: Q4 | G28: Q1
B29: =B20 -> Required production Unit | C29: {=C20:F20} -> 3100 | D29: 3600 | E29: 4100 | F29: 4600
B30: DM per unit | C30: 2 | D30: 2 | E30: 2 | F30: 2 | G30: Given
B31: Total Pounds for Production | C31: =C29*C30 -> 6200 | D31: =D29*D30 -> 7200 | E31: =E29*E30 -> 8200 | F31: =F29*F30 -> 9200
A32: + | B32: =B24 -> Desired Ending DM | C32: =D31*$G$32 -> 720 | D32: =E31*$G$32 -> 820 | E32: =F31*$G$32 -> 920 | F32: 1020 | G32: 0.1 | H32: required Production for Q1 2018
A33: - | B33: Beginning DM | C33: =C31*$G$32 -> 620 | D33: =D31*$G$32 -> 720 | E33: =E31*$G$32 -> 820 | F33: =F31*$G$32 -> 920
A34: = | B34: Required DM purchase | C34: =C31+C32-C33 -> 6300 | D34: =D31+D32-D33 -> 7300 | E34: =E31+E32-E33 -> 8300 | F34: =F31+F32-F33 -> 9300
B35: Cost per unit | C35: 4 | D35: 4 | E35: 4 | F35: 4 | G35: Given
B36: Total Cost of Purchase | C36: =C34*C35 -> 25200 | D36: =D34*D35 -> 29200 | E36: =E34*E35 -> 33200 | F36: =F34*F35 -> 37200
A38: Step 4 | B38: Direct Labour | D38: Two hours of direct labor are required to produce each unit of finished goods
D39: Hourly wage rate is $10
C40: Q1 | D40: Q2 | E40: Q3 | F40: Q4
B41: Required Production Unit | C41: =C20 -> 3100 | D41: =D20 -> 3600 | E41: =E20 -> 4100 | F41: =F20 -> 4600
B42: Direct Labour per Unit | C42: 2 | D42: 2 | E42: 2 | F42: 2 | G42: Given 2 Direct Labour Hour
B43: Total Required DL | C43: =C41*C42 -> 6200 | D43: =D41*D42 -> 7200 | E43: =E41*E42 -> 8200 | F43: =F41*F42 -> 9200
B44: DL Cost per Hour | C44: 10 | D44: 10 | E44: 10 | F44: 10 | G44: Given 1 hour $10
B45: Total Direct Labor Cost | C45: =C43*C44 -> 62000 | D45: =D43*D44 -> 72000 | E45: =E43*E44 -> 82000 | F45: =F43*F44 -> 92000
A47: Step 5 | B47: MOH | C47: Q1 | D47: Q2 | E47: Q3 | F47: Q4
B48: Variable MOH
B49: Indirect Material | C49: =C43*$G$49 -> 6200 | D49: =D43*$G$49 -> 7200 | E49: =E43*$G$49 -> 8200 | F49: =F43*$G$49 -> 9200 | G49: 1 | H49: Per Direct Labour hour
B50: Indirect Labor | C50: =C31*$G$50 -> 8680 | D50: =D31*$G$50 -> 10080 | E50: =E31*$G$50 -> 11480 | F50: =F31*$G$50 -> 12880 | G50: 1.4 | H50: Per Direct Labour
B51: Utilities | C51: =C43*$G$51 -> 2480 | D51: =D43*$G$51 -> 2880 | E51: =E43*$G$51 -> 3280 | F51: =F43*$G$51 -> 3680 | G51: 0.4 | H51: Per Direct Labour
B52: Maintenance | C52: =C43*$G$52 -> 1240 | D52: =D43*$G$52 -> 1440 | E52: =E43*$G$52 -> 1640 | F52: =F43*$G$52 -> 1840 | G52: 0.2 | H52: Per Direct Labour
B53: Total | C53: =C49+C50+C51+C52 -> 18600 | D53: =D49+D50+D51+D52 -> 21600 | E53: =E49+E50+E51+E52 -> 24600 | F53: =F49+F50+F51+F52 -> 27600
B54: Fixed MOH
B55: Supervisory Salaries | C55: 20000 | D55: 20000 | E55: 20000 | F55: 20000 | G55: Given
B56: Depreciation | C56: 3800 | D56: 3800 | E56: 3800 | F56: 3800 | G56: Given
B57: Property Taxes and Insurance | C57: 9000 | D57: 9000 | E57: 9000 | F57: 9000 | G57: Given
B58: Maintenance | C58: 5700 | D58: 5700 | E58: 5700 | F58: 5700 | G58: Given
B59: Total Fixed Costs | C59: =SUM(C55:C58) -> 38500 | D59: =SUM(D55:D58) -> 38500 | E59: =SUM(E55:E58) -> 38500 | F59: =SUM(F55:F58) -> 38500 | G59: Given
B60: Total MOH | C60: =C53+C59 -> 57100 | D60: =D53+D59 -> 60100 | E60: =E53+E59 -> 63100 | F60: =F53+F59 -> 66100 | G60: =SUM(C60:F60) -> 246400
B61: Total Direct Labor Hour | G61: =SUM(C43:F43) -> 30800 | H61: Total Annual Direct Labour
B62: MOH per Direct Labor Hour | G62: =G60/G61 -> 8 | H62: MOH/DL
A64: Step 6 | B64: Operating Expense
C65: Q1 | D65: Q2 | E65: Q3 | F65: Q4
B66: Sales in Units | C66: {=C5:F5} -> 3000 | D66: 3500 | E66: 4000 | F66: 4500
B67: Variable Expenese
B68: Sales Commissions | C68: =C66*3 -> 9000 | D68: =D66*3 -> 10500 | E68: =E66*3 -> 12000 | F68: =F66*3 -> 13500 | G68: 3 | H68: Per Unit
B69: Freight | C69: =C66*1 -> 3000 | D69: =D66*1 -> 3500 | E69: =E66*1 -> 4000 | F69: =F66*1 -> 4500 | G69: 1 | H69: Per Unit
B70: Total Variable | C70: =C68+C69 -> 12000 | D70: =D68+D69 -> 14000 | E70: =E68+E69 -> 16000 | F70: =F68+F69 -> 18000
B71: Fixed Expenses
B72: Adverising | C72: 5000 | D72: 5000 | E72: 5000 | F72: 5000 | G72: Given
B73: Salary Sales | C73: 15000 | D73: 15000 | E73: 15000 | F73: 15000 | G73: Given
B74: Salary Office | C74: 7500 | D74: 7500 | E74: 7500 | F74: 7500 | G74: Given
B75: Depreciation | C75: 1000 | D75: 1000 | E75: 1000 | F75: 1000 | G75: Given
B76: Property Taxes and Insurance | C76: 1500 | D76: 1500 | E76: 1500 | F76: 1500 | G76: Given
B77: Total Fixed | C77: =SUM(C72:C76) -> 30000 | D77: =SUM(D72:D76) -> 30000 | E77: =SUM(E72:E76) -> 30000 | F77: =SUM(F72:F76) -> 30000
B78: Total S&GA | C78: =C70+C77 -> 42000 | D78: =D70+D77 -> 44000 | E78: =E70+E77 -> 46000 | F78: =F70+F77 -> 48000
B83: Notes
B84: 1 | C84: Ads expense is fixed cost and estimated

Sheet Budgeted IS
A1: Cost of Goods Sold
A2: Cost per unit
A3: DM | B3: 2 | C3: pounds | D3: 4 | E3: =B3*D3 -> 8
A4: DL | B4: 2 | C4: hours | D4: 10 | E4: =B4*D4 -> 20
A5: MOH | B5: 2 | C5: hours | D5: 8 | E5: =B5*D5 -> 16 | F5: MOH allocated by DL
A6: Total Cost per Unit | E6: =SUM(E3:E5) -> 44
B8: Q1 | C8: Q2 | D8: Q3 | E8: Q4
A9: Revenue | B9: ='Master Budget'!C7 -> 180000 | C9: ='Master Budget'!D7 -> 210000 | D9: ='Master Budget'!E7 -> 240000 | E9: ='Master Budget'!F7 -> 270000 | F9: =SUM(B9:E9) -> 900000
A10: COGS | B10: ='Master Budget'!C5*44 -> 132000 | C10: ='Master Budget'!D5*44 -> 154000 | D10: ='Master Budget'!E5*44 -> 176000 | E10: ='Master Budget'!F5*44 -> 198000 | F10: =SUM(B10:E10) -> 660000
A11: Gross Profit | B11: =B9-B10 -> 48000 | C11: =C9-C10 -> 56000 | D11: =D9-D10 -> 64000 | E11: =E9-E10 -> 72000 | F11: =SUM(B11:E11) -> 240000
A12: S&GA | B12: ='Master Budget'!C78 -> 42000 | C12: ='Master Budget'!D78 -> 44000 | D12: ='Master Budget'!E78 -> 46000 | E12: ='Master Budget'!F78 -> 48000 | F12: =SUM(B12:E12) -> 180000
A13: Operating Profit | B13: =B11-B12 -> 6000 | C13: =C11-C12 -> 12000 | D13: =D11-D12 -> 18000 | E13: =E11-E12 -> 24000 | F13: =SUM(B13:E13) -> 60000
A14: Interest expense | D14: 100
A15: Income before Income taxes | B15: =B13-B14 -> 6000 | C15: =C13-C14 -> 12000 | D15: =D13-D14 -> 17900 | E15: =E13-E14 -> 24000
A16: Income tax expense | B16: 3000 | C16: 3000 | D16: 3000 | E16: 3000
A17: Net Income | B17: =B15-B16 -> 3000 | C17: =C15-C16 -> 9000 | D17: =D15-D16 -> 14900 | E17: =E15-E16 -> 21000

Sheet Cash Budget
A1: Beginning Cash Balance | C1: Contains three sections:
A2: Add: Cash Receipts (from Sales, Other Incomes, Assets disposals) | C2: ►Cash Receipts
A3: Total Avaiable Cash | C3: ►Cash Disbursements
A4: Less: Cash Disbursement (COGs, Opex) | C4: ►Financing
A5: Excess (Deficiency) of Available Cash over Cash Disbursement
A6: Financing (borrowing or repayment)
A7: Ending Cash Balance
D10: 38000 | F10: Given from last year | J10: 38000 | K10: Last year Cash Balance
J11: Cash Receipt
J12: 60% are collected in the quarter
J13: 40% are collected in the following quarter
J14: 60,000 at December 31, 2016 be collected in full in the first quarter of 2017
J15: Short-term investments are expected to be sold for $2,000 cash in the first quarter
D16: 15000 | F16: Given by Management | J16: Cash Disbursment
B17: Sales | J17: 50% are paid in the quarter purchased and 50% are paid in the following quarter
A18: Schedule of Collection | C18: Q1 | D18: Q2 | E18: Q3 | F18: Q4 | G18: Q1 | J18: Accounts payable of $10,600 at December 31, 2016, are expected to be paid in full in the first quarter of 2017
A19: Account Receivable | B19: 60000 | C19: =B19 -> 60000 | J19: 100% is paid in the quarter incurred. | M19: Direct Labour
A20: First Quarter | B20: 180000 | C20: =B20*0.6 -> 108000 | D20: =B20-C20 -> 72000 | J20: MOH and SGA are paid in the quarter except depreciation
A21: Second Quarter | B21: 210000 | D21: =B21*0.6 -> 126000 | E21: =B21-D21 -> 84000 | J21: Capital Expenditure
A22: Third Quarter | B22: 240000 | E22: =B22*0.6 -> 144000 | F22: =B22-E22 -> 96000 | J22: purchase a truck in the second quarter for $10,000 cash
A23: Fourth Quarter | B23: 270000 | F23: =B23*0.6 -> 162000 | G23: =B23-F23 -> 108000 | H23: AR | J23: Hayes makes equal quarterly payments of its estimated $12,000 annual income taxes
A24: Total Collections | B24: =SUM(B20:B23) -> 900000 | C24: =SUM(C19:C23) -> 168000 | D24: =SUM(D19:D23) -> 198000 | E24: =SUM(E19:E23) -> 228000 | F24: =SUM(F19:F23) -> 258000 | J24: Loans are repaid in the earliest quarter in which there is sufficient cash (that is, when the cash on hand exceeds the $15,000 minimum required balance
B26: Purchase
A27: Schedule of Payments | C27: Q1 | D27: Q2 | E27: Q3 | F27: Q4 | G27: Q1
A28: Account Payable | B28: 10600 | C28: =B28 -> 10600
A29: First Quarter | B29: 25200 | C29: =B29*0.5 -> 12600 | D29: =B29-C29 -> 12600
A30: Second Quarter | B30: 29200 | D30: =B30*0.5 -> 14600 | E30: =B30-D30 -> 14600
A31: Third Quarter | B31: 33200 | E31: =B31*0.5 -> 16600 | F31: =B31-E31 -> 16600
A32: Fourth Quarter | B32: 37200 | F32: =B32*0.5 -> 18600 | G32: =B32-F32 -> 18600 | H32: AP
A33: Total Payment | B33: =SUM(B29:B32) -> 124800 | C33: =SUM(C28:C32) -> 23200 | D33: =SUM(D28:D32) -> 27200 | E33: =SUM(E28:E32) -> 31200 | F33: =SUM(F28:F32) -> 35200
C35: Q1 | D35: Q2 | E35: Q3 | F35: Q4
A36: Beginning Cash Balance | C36: 38000 | D36: =C54 -> 25500 | E36: =D54 -> 15000 | F36: =E54 -> 19400
A37: Add: Cash Receipts
A38: Collections from Customers | C38: =C24 -> 168000 | D38: =D24 -> 198000 | E38: =E24 -> 228000 | F38: =F24 -> 258000
A39: Sale of Investment | B39: Given | C39: 2000
A40: Total Receipts | C40: =C38+C39 -> 170000 | D40: =D38+D39 -> 198000 | E40: =E38+E39 -> 228000 | F40: =F38+F39 -> 258000
A41: Total Avaiable Cash | C41: =C36+C40 -> 208000 | D41: =D36+D40 -> 223500 | E41: =E36+E40 -> 243000 | F41: =F36+F40 -> 277400
A42: Less: Cash Disbursement
A43: Direct Materials | C43: =C33 -> 23200 | D43: =D33 -> 27200 | E43: =E33 -> 31200 | F43: =F33 -> 35200
A44: Direct Labour | C44: ='Master Budget'!C45 -> 62000 | D44: ='Master Budget'!D45 -> 72000 | E44: ='Master Budget'!E45 -> 82000 | F44: ='Master Budget'!F45 -> 92000
A45: MOH | C45: ='Master Budget'!C60-3800 -> 53300 | D45: ='Master Budget'!D60-3800 -> 56300 | E45: ='Master Budget'!E60-3800 -> 59300 | F45: ='Master Budget'!F60-3800 -> 62300 | G45: not including depreication | I45: Total MOH - Depreciation
A46: S&GA | C46: ='Master Budget'!C78-1000 -> 41000 | D46: ='Master Budget'!D78-1000 -> 43000 | E46: ='Master Budget'!E78-1000 -> 45000 | F46: ='Master Budget'!F78-1000 -> 47000 | G46: not including depreication | I46: Total S&GA - Depreciation
A47: Purchase of Truck | B47: Given | D47: 10000
A48: Income Tax Expense | B48: Given | C48: 3000 | D48: 3000 | E48: 3000 | F48: 3000 | G48: 12,000/4
A49: Total Disbursements | C49: =SUM(C43:C48) -> 182500 | D49: =SUM(D43:D48) -> 211500 | E49: =SUM(E43:E48) -> 220500 | F49: =SUM(F43:F48) -> 239500 | H49: 16000
A50: Excess (Deficiency) of Available Cash over Cash Disbursement | C50: =C41-C49 -> 25500 | D50: =D41-D49 -> 12000 | E50: =E41-E49 -> 22500 | F50: =F41-F49 -> 37900 | H50: 15000 | I50: minium requirement
A51: Financing (borrowing or repayment)
A52: Borrowing | D52: 3000 | H52: 15000 - 12000
A53: Repayment | E53: 3100 | H53: paid back the loan plus interest expense
A54: Ending Cash Balance | C54: =C50 -> 25500 | D54: =D50+D52 -> 15000 | E54: =E50-E53 -> 19400 | F54: =F50 -> 37900 | G54: Cash | H54: BS
I55: Interest Expense | K55: P*r% | L55: 10000
I56: (P*r%/5%)*3 | L56: 0.05
I57: 3000 | J57: borrowing as loan | L57: =L55*L56 -> 500 | M57: (500/12)*3
J58: Interest 10%
I59: =(3000*0.1375/12)*3 -> 103.125 | J59: Interest expense for 3 months
